 Dungeon Sprint DCSS version 0.26.1-2-gb8aa6d0cf2 (webtiles) character file.

Game seed: 11308795721957289104

269 Groucho the Covert (level 6, -3/28 HPs)
             Began as a Spriggan Enchanter on Feb 21, 2021.
             Was an Elder of Kikubaaqudgha.
             Slain by a wolf (4 damage)
             ... in the Dungeon (Sprint VII: "The Pits").
             The game lasted 00:04:15 (1472 turns).

Groucho the Covert (Spriggan Enchanter)             Turns: 1472, Time: 00:04:16

Health: -3/28      AC:  2    Str:  6    XL:     6   Next: 1%
Magic:  9/16       EV: 18    Int: 16    God:    Kikubaaqudgha [****..]
Gold:   0          SH:  0    Dex: 17    Spells: 2/18 levels left

rFire    . . .     SeeInvis +   a - +2 dagger (venom)
rCold    . . .     Faith    .   (shield restricted)
rNeg     . . .     Spirit   .   b - +0 robe
rPois    .         Reflect  .   (helmet restricted)
rElec    .         Harm     .   (no cloak)
rCorr    .         Rampage  .   (gloves unavailable)
Will     +....     NoTele   +   (boots unavailable)
Stlth    ++++++....             (no amulet)
HPRegen  0.09/turn              (no ring)
MPRegen  0.15/turn              (no ring)

@: confusing touch, very quick
A: very small, unfitting armour, see invisible, speed 3
a: Renounce Religion, Receive Corpses


You were in the Dungeon.
You worshipped Kikubaaqudgha.
Kikubaaqudgha was greatly pleased with you.
You visited 1 branch

Inventory:

Hand Weapons
 a - a +2 dagger of venom (weapon)
Missiles
 m - 13 stones
Armour
 b - a +0 robe (worn)
Scrolls
 i - a scroll of blinking
 j - 3 scrolls of remove curse
 k - 5 scrolls of amnesia
 l - a scroll of summoning
Potions
 c - 2 potions of invisibility
 d - 6 potions of curing
 e - 6 potions of heal wounds
 f - a potion of haste
 g - 4 potions of magic
 h - 3 potions of berserk rage


   Skills:
 - Level 1.1 Short Blades
 - Level 3.0 Dodging
 * Level 13.3 Stealth
 + Level 6.8 Spellcasting
 + Level 7.2 Hexes
 + Level 4.5 Necromancy


You had 2 spell levels left.
You knew the following spells:

 Your Spells              Type           Power        Failure   Level
a - Corona                Hex            31%          1%          1
b - Ensorcelled Hibernat  Hex/Ice        34%          4%          2
c - Confusing Touch       Hex            28%          1%          3
d - Tukima's Dance        Hex            28%          1%          3
e - Dazzling Flash        Conj/Hex       34%          9%          3
f - Dispel Undead         Necr           20%          19%         4

Your spell library contained the following spells:

 Spells                   Type           Power        Failure   Level
 Pain                     Necr           80%          1%          1
 Sublimation of Blood     Necr           10%          3%          2
 Corpse Rot               Necr/Air       N/A          8%          2
 Vampiric Draining        Necr           10%          6%          3
 Animate Dead             Necr           10%          19%         4
 Agony                    Necr           20%          47%         5
 Excruciating Wounds      Necr           10%          47%         5
 Simulacrum               Ice/Necr       6%           100%        6


Dungeon Overview and Level Annotations

Branches:
Dungeon (1/1)

Altars:
Ashenzari
Cheibriados
Dithmenos
Elyvilon
Fedhas
Gozag
Hepliaklqana
Kikubaaqudgha
Makhleb
Nemelex Xobeh
Okawaru
Qazlal
Ru
Sif Muna
Trog
Uskayaw
Vehumet
Wu Jian
Xom
Yredelemnul
Zin
The Shining One
Beogh
Jiyva
Lugonu


Innate Abilities, Weirdness & Mutations

You are very small and have problems with some larger weapons.
You are too small for most types of armour.
You have supernaturally acute eyesight. (SInv)
You cover ground extremely quickly.


Message History

Confirm with . or Enter, or press ? or * to list all spells.
Aiming: Ensorcelled Hibernation (safe; 4% risk of failure)
Press: ? - help, Shift-Dir - straight line, f/p - wolf
Aim: a wolf (chance to affect: 48%)
The wolf resists with some effort.
The wolf closely misses you.
You barely miss the wolf. The wolf barely misses you. The wolf bites you!
You barely miss the wolf. The wolf completely misses you. The wolf misses you.
There is an open door here.
Casting: Ensorcelled Hibernation (safe; 4% risk of failure)
Confirm with . or Enter, or press ? or * to list all spells.
Your hands begin to glow red.
The wolf closely misses you.
You closely miss the wolf.
The wolf pauses to sniff the ground.
The wolf bites you! The wolf closely misses you.
You closely miss the wolf. The wolf closely misses you.
You closely miss the wolf. The wolf bites you!
* * * LOW HITPOINT WARNING * * *
The wolf bites you.
You die...
Kikubaaqudgha rasps: "You have failed me!
Welcome... death!"

############
#_________.#
#_________.#
#_______...###########++
##########'##...........
#.?..')))'.##......#..#
##########.##..........
#........h@.'...........
#'#####'#####......#..#.
#.#[[#.....##...........
#.#))#####'#####'#####+
#.#))#.....##.......#
#.#))#.....##.......#
#.#..###'####.......#
#.##'#.....##...<...#
#.#........##.......#


You could see a wolf.

Vanquished Creatures
  A sky beast (D)
  A necrophage (D)
  An iguana (D)
  A worker ant (D)
  2 adders (D)
  A river rat (D)
  An ooze (D)
  A leopard gecko (D)
  6 jackals (D)
  A frilled lizard (D)
  A kobold (D)
  A leopard gecko skeleton (D)
18 creatures vanquished.

Notes
Turn   | Place    | Note
-------+----------+-------------------------------------------
     0 | D        | Groucho the Spriggan Enchanter began the quest for the Orb.
     0 | D        | Reached XP level 1. HP: 9/9 MP: 5/5
    12 | D        | Reached skill level 7 in Stealth
    12 | D        | Reached XP level 2. HP: 13/13 MP: 6/6
    39 | D        | Found a bloodstained altar of Trog.
    39 | D        | Found a shimmering blue altar of Sif Muna.
    39 | D        | Found a viscous altar of Jiyva.
    39 | D        | Found a hazy altar of Hepliaklqana.
    39 | D        | Found an opulent altar of Gozag.
    40 | D        | Found a glowing golden altar of the Shining One.
    40 | D        | Found a glowing silver altar of Zin.
    40 | D        | Found a basalt altar of Yredelemnul.
    40 | D        | Found a shimmering altar of Xom.
    40 | D        | Found an ornate altar of the Wu Jian Council.
    40 | D        | Found a sacrificial altar of Ru.
    40 | D        | Found a stormy altar of Qazlal.
    40 | D        | Found an iron altar of Okawaru.
    40 | D        | Found a sparkling altar of Nemelex Xobeh.
    40 | D        | Found a burning altar of Makhleb.
    40 | D        | Found a blossoming altar of Fedhas.
    40 | D        | Found a white marble altar of Elyvilon.
    40 | D        | Found a shadowy altar of Dithmenos.
    40 | D        | Found a snail-covered altar of Cheibriados.
    43 | D        | Found a corrupted altar of Lugonu.
    43 | D        | Found a radiant altar of Vehumet.
    43 | D        | Found a roughly hewn altar of Beogh.
    44 | D        | Found an ancient bone altar of Kikubaaqudgha.
    44 | D        | Found a hide-covered altar of Uskayaw.
    44 | D        | Found a broken altar of Ashenzari.
    52 | D        | Became a worshipper of Kikubaaqudgha
    68 | D        | Learned a level 2 spell: Ensorcelled Hibernation
    72 | D        | Reached skill level 8 in Stealth
   201 | D        | Reached * piety under Kikubaaqudgha
   201 | D        | Identified Kikubaaqudgha's Incunabulum of Evil
                  | (Kikubaaqudgha gifted it to you in the Dungeon)
   201 | D        | Received a gift from Kikubaaqudgha
   211 | D        | Reached skill level 1 in Necromancy
   516 | D        | Noticed a sky beast
   527 | D        | Reached ** piety under Kikubaaqudgha
   528 | D        | Reached skill level 9 in Stealth
   528 | D        | Reached XP level 3. HP: 16/16 MP: 9/9
   539 | D        | Killed a sky beast
   540 | D        | Reached skill level 11 in Stealth
   540 | D        | Reached skill level 5 in Spellcasting
   540 | D        | Reached skill level 5 in Hexes
   540 | D        | Reached XP level 4. HP: 10/21 MP: 8/12
   850 | D        | Noticed a wolf
   864 | D        | Reached *** piety under Kikubaaqudgha
   864 | D        | Identified Kikubaaqudgha's Papyrus of Black Rituals
                  | (Kikubaaqudgha gifted it to you in the Dungeon)
   864 | D        | Received a gift from Kikubaaqudgha
   865 | D        | Reached skill level 12 in Stealth
   865 | D        | Reached XP level 5. HP: 24/24 MP: 9/14
   868 | D        | Noticed a necrophage
   872 | D        | Reached **** piety under Kikubaaqudgha
   884 | D        | Learned a level 3 spell: Confusing Touch
   891 | D        | Killed a necrophage
   892 | D        | Reached skill level 13 in Stealth
   977 | D        | Reached XP level 6. HP: 28/28 MP: 11/16
  1235 | D        | Learned a level 3 spell: Tukima's Dance
  1239 | D        | Learned a level 3 spell: Dazzling Flash
  1244 | D        | Learned a level 4 spell: Dispel Undead
  1472 | D        | HP: 1/28 [wolf (10)]
  1472 | D        | Slain by a wolf

Illustrated notes

Levels and vault maps discovered:
D:        pitsprint [storerooms_1, entrance_room_1, metal_vault_2, armoury_1,
          mini_pit_1, grid_room_1, main_hall_1, silver_pit, the_coven_1,
          the_vestibule_1, steel_vault_4, golden_pit, hallway_of_sentries,
          crystal_vault_5, iron_vault_1, final_vault]

Skill      XL: |  1  2  3  4  5 |
---------------+----------------+-----
Stealth        | 7 9 11 12 13 | 13.3
Spellcasting   | 3 5 6 |  6.8
Hexes          | 4 5 6 7 |  7.2
Necromancy     | 1 3 4 |  4.5
Short Blades   | |  1.1
Dodging        | |  3.0

Action                   |  1- 3 |  4- 6 || total
-------------------------+-------+-------++-------
Melee: Dagger            |    25 |    19 ||    44
 Cast: Ensorcelled Hiber |     2 |    13 ||    15
       Confusing Touch   |       |     2 ||     2
 Stab: Sleeping          |     4 |     9 ||    13
       Confused          |       |     1 ||     1
Armor: Robe              |       |     1 ||     1
Dodge: Dodged            |    16 |    15 ||    31
